 Dungeon Crawl Stone Soup version 0.17.1-2-g5865329 (webtiles) character file.

123 Goblin1989 the Sneak (level 4, -1/21 HPs)
             Began as a Spriggan Enchanter on Jan 25, 2016.
             Was an Initiate of Gozag.
             Slain by an ogre
             ... wielding a +0 giant club
              (22 damage)
             ... on level 4 of the Dungeon on Jan 26, 2016.
             The game lasted 00:09:46 (3537 turns).

Goblin1989 the Sneak (Spriggan Enchanter)           Turns: 3537, Time: 00:09:47

Health: -1/21      AC:  4    Str:  4    XL:     4   Next: 79%
Magic:  1/11       EV: 18    Int: 17    God:    Gozag
Gold:   191        SH:  0    Dex: 16    Spells: 4 memorised, 2 levels left

rFire  . . .     SeeInvis +     a - +1 dagger
rCold  . . .     Clarity  .     b - +1 robe
rNeg   . . .     SustAt   .     (shield restricted)
rPois  +         Gourm    .     (helmet restricted)
rElec  .         Spirit   .     r - +0 cloak {rPois}
rCorr  .         Warding  .     (gloves unavailable)
rMut   .         Stasis   .     (boots unavailable)
MR     .....                    (no amulet)
Stlth  ++++......               (no ring)
                                (no ring)

@: very quick, not resistant to hostile enchantments, stealthy
A: unfitting armour, see invisible, herbivore 3, speed 3, slow metabolism 2
a: Potion Petition, Call Merchant, Bribe Branch, Renounce Religion


You were on level 4 of the Dungeon.
You worshipped Gozag.
Gozag was noncommittal.
You were very hungry.

You visited 1 branch of the dungeon, and saw 4 of its levels.

You collected 201 gold pieces.
You paid 10 gold pieces to Gozag.

Inventory:

Hand Weapons
 a - a +1 dagger (weapon)
Missiles
 f - 61 stones (quivered)
 j - 41 sling bullets
 t - 8 poisoned needles
Armour
 b - a +1 robe (worn)
 r - a +0 cloak of poison resistance (worn)
Jewellery
 u - a +2 ring of strength {unknown}
Wands
 n - a wand of frost (26)
 v - a wand of slowing (42)
Scrolls
 e - a scroll of amnesia {unknown}
 g - a scroll of fog {unknown}
 i - a scroll of fear {unknown}
 m - 3 scrolls of identify {unknown}
 p - a scroll of immolation {unknown}
 q - 3 scrolls of teleportation {unknown}
Potions
 h - a potion of flight {unknown}
 k - a potion of poison {unknown}
 l - 2 potions of might {unknown}
 o - 2 potions of mutation {unknown}
Books
 c - a book of Maledictions

   Spells                             Type                      Level
   a - Corona                         Hexes                        1
   b - Ensorcelled Hibernation        Hexes/Ice                    2
   c - Confuse                        Hexes                        3
   d - Tukima's Dance                 Hexes                        3
   e - Dazzling Spray                 Conjuration/Hexes            3
Comestibles
 d - 3 bread rations
 s - 5 fruits


   Skills:
 - Level 1.1 Short Blades
 - Level 3.0 Dodging
 + Level 5.6 Stealth
 * Level 4.3 Spellcasting
 * Level 5.0 Hexes


You had 2 spell levels left.
You knew the following spells:

 Your Spells              Type           Power        Failure   Level  Hunger
a - Corona                Hex            ###....      1%          1    None
b - Ensorcelled Hibernat  Hex/Ice        ##....       10%         2    ##.....
c - Confuse               Hex            ###.....     8%          3    ###....
d - Tukima's Dance        Hex            ###.....     8%          3    ###....


Dungeon Overview and Level Annotations

Branches:
Dungeon (4/15)
 Temple: D:4-7

Altars:
Gozag
Trog
Vehumet

Annotations:
D:4 Eustachio


Innate Abilities, Weirdness & Mutations

You are tiny and cannot use many weapons and most armour.
You have supernaturally acute eyesight.
You are a herbivore.
You cover ground extremely quickly.
You need consume almost no food.


Message History

The ogre misses you.
You hit the ogre.
The ogre is lightly wounded.
You hit the ogre but do no damage.
The ogre is lightly wounded.
The ogre closely misses you.
You hit the ogre.
The ogre is lightly wounded.
The ogre closely misses you.
You hit the ogre but do no damage.
The ogre is lightly wounded.
You hit the ogre.
The ogre is moderately wounded.
You hit the ogre but do no damage.
The ogre is moderately wounded.
The ogre laughs crazily.
The ogre hits you with a giant club!!
Ouch! That really hurt!
You die...
Your body crumbles into a pile of gold.

##.#############.####.#
....................#.#
##.#############.##.#.#
.....# #.##.#.# .[...#
#......# .....#
#....### .....# #.####
.....# #.#
##.########## #@# ...
#.....# #O# ...##.....#
#.# ...#.(...# #.#
#.....# #.# ..#...?.##
#.# #.....<.# ...
#.##.##l#.#.##
#...........


You could see an ogre (confused).

Vanquished Creatures
  Crazy Yiuf (D:2)
  4 adders (D:3)
  3 giant geckos
  2 orcs (D:3)
  7 giant cockroaches
  7 goblins
  4 hobgoblins
  2 quokkas
  A ball python (D:1)
  6 bats
  3 giant newts
  2 jackals (D:1)
  8 kobolds
  5 rats
55 creatures vanquished.

Notes
Turn   | Place    | Note
--------------------------------------------------------------
     0 | D:1      | Goblin1989 the Spriggan Enchanter began the quest for the Orb.
     0 | D:1      | Reached XP level 1. HP: 9/9 MP: 5/5
   221 | D:1      | Reached XP level 2. HP: 13/13 MP: 6/6
  1026 | D:2      | Learned a level 2 spell: Ensorcelled Hibernation
  1325 | D:2      | Found a radiant altar of Vehumet.
  1346 | D:2      | Reached XP level 3. HP: 16/16 MP: 8/8
  1459 | D:2      | Noticed Crazy Yiuf
  1466 | D:2      | Killed Crazy Yiuf
  1466 | D:2      | Reached skill level 5 in Stealth
  1563 | D:2      | Found an opulent altar of Gozag.
  1569 | D:2      | Became a worshipper of Gozag Ym Sagoz the Greedy
  1937 | D:3      | Reached XP level 4. HP: 21/21 MP: 10/10
  2266 | D:3      | Found a bloodstained altar of Trog.
  2329 | D:3      | Reached skill level 5 in Hexes
  2926 | D:4      | Noticed Eustachio
  2967 | D:3      | Learned a level 3 spell: Confuse
  2979 | D:4      | Noticed an ogre
  3490 | D:4      | Learned a level 3 spell: Tukima's Dance
  3537 | D:4      | Slain by an ogre

Action                   |  1- 3 |  4- 6 || total
-------------------------+-------+-------++-------
Melee: Dagger            |   116 |    62 ||   178
 Cast: Corona            |    13 |     1 ||    14
       Ensorcelled Hiber |     1 |    16 ||    17
       Confuse           |       |     4 ||     4
 Stab: Sleeping          |    12 |    10 ||    22
       Distracted        |       |     1 ||     1
       Confused          |       |     1 ||     1
